 Dungeon Crawl Stone Soup version 0.29-a0-885-gb26ba3297d (webtiles) character file.

Game seed: 10134387074311609199

10181 gobodom the Frost Mage (level 11, -2/75 HPs)
             Began as a Demonspawn Ice Elementalist on July 20, 2022.
             Succumbed to a black mamba's poison
             ... on level 1 of the Lair of Beasts.
             The game lasted 01:03:29 (14473 turns).

gobodom the Frost Mage (DsIE)                      Turns: 14473, Time: 01:03:30

Health: -2/75      AC: 15    Str:  9    XL:     11   Next: 32%
Magic:  11/23      EV: 14    Int: 26    God:
Gold:   567        SH:  0    Dex: 14    Spells: 4/26 levels left

rFire   + . .      SeeInvis .   O - +4 battleaxe (freeze)
rCold   . . .      Faith    .   (shield currently unavailable)
rNeg    . . .      Spirit   +   E - +0 steam dragon scales
rPois   .          Reflect  .   (no helmet)
rElec   .          Harm     .   a - +0 cloak
rCorr   +          Rampage  .   I - +2 pair of gloves {infuse}
Will    .....                   (no boots)
Stlth   ++........              f - amulet "Ceneal" {Spirit rF+ Regen+ rCorr}
HPRegen 1.02/turn               o - +4 ring of protection
MPRegen 0.18/turn               N - +6 ring of intelligence

@: lethally poisoned (-2 -> -35)
A: yellow scales 1, demonic guardian 2, powered by death 2
a: no special abilities


You were on level 1 of the Lair of Beasts.
You visited 2 branches of the dungeon, and saw 10 of its levels.

You collected 717 gold pieces.
You spent 150 gold pieces at shops.

Inventory:

Hand Weapons
 h - a +3 dagger
 p - a +0 whip of draining
 y - a +4 flail
 C - a +2 dagger of venom
 O - a +4 battleaxe of freezing (weapon)
Missiles
 u - 6 silver javelins
 M - 4 atropa-tipped darts
 S - 2 throwing nets
Armour
 a - a +0 cloak (worn)
 w - a scarf of invisibility
 E - +0 steam dragon scales (worn)
 I - a +2 pair of gloves of infusion (worn)
Jewellery
 f - the amulet "Ceneal" (around neck) {Spirit rF+ Regen+ rCorr}
   (You took it off a kobold on level 2 of the Dungeon)

   [amulet of guardian spirit]

   It causes incoming damage to be divided between your reserves of health and
   magic.
   rF:        It protects you from fire.
   Regen:     It increases your rate of health regeneration.
   rCorr:     It protects you from acid and corrosion.
 o - a +4 ring of protection (left hand)
 x - a ring of resist corrosion
 L - a ring of fire
 N - a +6 ring of intelligence (right hand)
Wands
 m - a wand of quicksilver (6)
 q - a wand of flame (13)
 v - a wand of iceblast (17)
 T - a wand of digging (4)
Scrolls
 b - 3 scrolls of noise
 d - a scroll of teleportation
 e - a scroll of acquirement
 i - a scroll of brand weapon {unknown}
 r - 2 scrolls of fog
 t - 2 scrolls of fear
 D - a scroll of blinking
 F - a scroll of immolation {unknown}
 G - 2 scrolls of amnesia
 J - a scroll of poison {unknown}
 K - a scroll of silence {unknown}
 Q - a scroll of identify
 R - a scroll of summoning {unknown}
Potions
 c - 3 potions of brilliance
 g - 2 potions of curing
 j - 3 potions of mutation {unknown}
 k - 2 potions of flight {unknown}
 l - 2 potions of attraction
 n - 3 potions of degeneration {unknown}
 s - a potion of resistance
 z - a potion of might {unknown}
 A - a potion of haste {unknown}
 B - 2 potions of berserk rage {unknown}
 H - 2 potions of magic
 P - a potion of lignification {unknown}


   Skills:
 + Level 3.0 Fighting
 + Level 4.4 Short Blades
 + Level 3.1 Axes
 + Level 5.3 Dodging
 + Level 3.3 Stealth
 + Level 8.4 Spellcasting
 + Level 6.0 Conjurations
 * Level 1.4 Necromancy
 * Level 8.6 Ice Magic
 + Level 2.1 Air Magic
 + Level 5.6 Evocations


You had 4 spell levels left.
You knew the following spells:

 Your Spells              Type           Power      Damage    Failure   Level
a - Freeze                Ice            100%       1d11      1%          1
b - Frozen Ramparts       Ice            100%       1d12      1%          3
c - Ozocubu's Armour      Ice            54%        N/A       1%          3
d - Hailstorm             Conj/Ice       49%        3d11      2%          4
e - Freezing Cloud        Conj/Ice/Air   20%        6-21      16%         5
f - Simulacrum            Ice/Necr       18%        N/A       71%         6

Your spell library contained the following spells:

 Spells                   Type           Power      Damage    Failure   Level
 Summon Small Mammal      Summ           40%        N/A       5%          1
 Confusing Touch          Hex            10%        N/A       16%         3
 Yara's Violent Unravell  Hex/Tmut       5%         3d4       83%         5
 Enfeeble                 Hex            5%         N/A       100%        7
 Polar Vortex             Ice            27%        N/A       100%        9


Dungeon Overview and Level Annotations

Branches:
Dungeon (9/15)             Temple (0/1) D:4            Lair (1/5) D:9
    Orc: D:9-12

Altars:
Ashenzari
Fedhas
Kikubaaqudgha
Wu Jian

Shops:
D:2 (   D:4 (   D:5 [


Innate Abilities, Weirdness & Mutations

You are partially covered in yellow scales. (AC +2)
A demonic guardian rushes to your aid.
You regenerate health from kills.


Message History

A black mamba comes into view.
The black mamba hisses angrily.
You freeze the black mamba.
The black mamba is lightly wounded.
The black mamba completely misses you. The black mamba closely misses you.
You freeze the black mamba.
The black mamba is lightly wounded.
The black mamba bites you.
You are poisoned.
The black mamba poisons you! The black mamba bites you!
You are more poisoned.
The black mamba poisons you!
You freeze the black mamba.
The black mamba is lightly wounded.
You feel extremely sick. The black mamba closely misses you.
The black mamba bites you but does no damage.
You freeze the black mamba!
The black mamba is moderately wounded.
The black mamba seems to slow down.
You feel extremely sick. The black mamba bites you!
You slash the black mamba! You freeze the black mamba.
The black mamba is severely wounded.
You feel extremely sick. The black mamba bites you!
You are lethally poisoned!
The black mamba poisons you! The black mamba bites you.
You are more poisoned.
The black mamba poisons you!
You are too injured to fight recklessly!
You are too injured to fight recklessly!
You closely miss the black mamba.
The black mamba is severely wounded.
* * * LOW HITPOINT WARNING * * *
You feel extremely sick. The black mamba barely misses you.
You miss the black mamba.
The black mamba is heavily wounded.
You die...

...##..........
P.#####....###P .
#.#P..#...## ##.
P..........# #..
###.##P...## #.#
#######...# P.#
...# ##...# #.#
...###....##
#.#####.#
#P.........#
##@S.≈≈≈.#
#.........##
##≈≈≈≈≈≈≈≈.
##[.......#
#.≈≈≈≈≈≈≈≈≈
#.........##
#.≈≈≈≈≈≈≈≈≈
##.##......#
#.≈≈≈.≈.≈≈≈
.#.####....#
#.≈≈≈≈>.≈≈≈.....
...# #P...##
#≈≈≈≈≈.≈≈≈≈..##P
...####...##
#.≈≈≈≈≈≈≈≈≈..P≈≈≈≈
P##.###...P#
#..≈≈≈≈≈≈≈≈..#≈≈≈≈


You could see a black mamba (slow).

Vanquished Creatures
  Harold (Lair:1)
  Joseph (D:7)
  A cane toad (Lair:1)
  A komodo dragon (D:9)
  A polar bear (Lair:1)
  Prince Ribbit (D:7)
  10 yaks (D:8)
  A basilisk (Lair:1)
  3 steam dragons
  An acid dragon (D:9)
  5 water moccasins
  3 orc warriors
  3 ice beasts
  4 black bears
  3 centaurs
  An ogre (D:6)
  A phantom (D:6)
  2 kobold brigands
  An elf zombie (D:5)
  A bullfrog (Lair:1)
  5 necrophages
  2 gnoll sergeants
  A scorpion (D:9)
  2 elf skeletons (D:5)
  15 wights
  14 killer bees
  A centaur zombie (D:5)
  A bullfrog zombie (D:5)
  A jelly (D:7)
  7 hounds
  2 gnoll boudas
  7 orc priests
  5 iguanas
  3 human skeletons (D:5)
  9 orc wizards
  A scorpion zombie (D:5)
  A killer bee zombie (D:5)
  A hound zombie (D:5)
  2 mummies (D:5)
  22 gnolls
  8 adders
  4 river rats
  A shadow imp (D:6)
  2 ufetubi
  A worm (D:4)
  11 dart slugs
  30 orcs
  15 ball pythons
  8 endoplasms
  6 giant cockroaches
  11 goblins
  9 hobgoblins
  5 jackals
  26 kobolds
  A quokka (D:5)
  4 bats
  6 frilled lizards
  5 rats
300 creatures vanquished.

Vanquished Creatures (collateral kills)
  Grinder (D:3)
  A water moccasin (D:8)
  An orc warrior (D:9)
  A wight (D:9)
  A jelly (D:8)
  A human zombie (D:5)
  An orc priest (D:9)
  2 orc wizards
  2 orcs (D:9)
  4 kobolds (D:9)
15 creatures vanquished.

Vanquished Creatures (others)
  A kobold brigand (D:9)
  10 fungi (D:9)
  36 plants
47 creatures vanquished.

Grand Total: 362 creatures vanquished

Notes
Turn   | Place    | Note
-------+----------+-------------------------------------------
     0 | D:1      | gobodom the Demonspawn Ice Elementalist began the quest for
                  | the Orb.
     0 | D:1      | Reached XP level 1. HP: 13/13 MP: 3/3
   451 | D:1      | Gained mutation: You regenerate a little health from kills.
                  | [demonic ancestry]
   451 | D:1      | Reached XP level 2. HP: 19/19 MP: 0/5
   680 | D:1      | You fall into a shaft and drop 1 floor!
  1216 | D:2      | Identified the amulet "Ceneal" {Spirit rF+ Regen+ rCorr}
  1254 | D:2      | Gained mutation: You regenerate health from kills. [demonic
                  | ancestry]
  1254 | D:2      | Reached XP level 3. HP: 24/24 MP: 6/6
  1413 | D:2      | Found Jiqylaol's Weapon Shop.
  1654 | D:1      | Learned a level 3 spell: Frozen Ramparts
  1658 | D:1      | Learned a level 3 spell: Ozocubu's Armour
  1914 | D:1      | Gained mutation: A weak demonic guardian rushes to your
                  | aid. [demonic ancestry]
  1914 | D:1      | Reached XP level 4. HP: 30/30 MP: 4/8
  2117 | D:1      | Found a faded altar of an unknown god.
  2121 | D:1      | Got Plato's Papyrus of Production
  2602 | D:3      | Identified a scroll of acquirement
  2798 | D:3      | Noticed Grinder
  2841 | D:3      | Paralysed by Grinder for 2 turns
  2850 | D:3      | Paralysed by Grinder for 4 turns
  2850 | D:3      | Killed Grinder
  2851 | D:3      | Reached skill level 5 in Ice Magic
  2851 | D:3      | Gained mutation: You are partially covered in yellow
                  | scales. (AC +2) [demonic ancestry]
  2851 | D:3      | Reached XP level 5. HP: 12/35 MP: 1/11
  2851 | D:3      | Reached XP level 6. HP: 14/41 MP: 1/12
  4098 | D:3      | Learned a level 4 spell: Hailstorm
  4136 | D:4      | Noticed a water moccasin
  4143 | D:4      | Killed a water moccasin
  4236 | D:4      | Reached XP level 7. HP: 41/47 MP: 7/13
  4406 | D:4      | Reached skill level 1 in Evocations
  4590 | D:4      | Reached skill level 1 in Conjurations
  4592 | D:4      | Found Vegreul's Antique Weapon Shoppe.
  4672 | D:4      | Noticed a steam dragon
  4679 | D:4      | Killed a steam dragon
  4680 | D:4      | Reached skill level 1 in Short Blades
  4680 | D:4      | Reached skill level 5 in Spellcasting
  4928 | D:4      | Found a staircase to the Ecumenical Temple.
  5070 | D:4      | Reached XP level 8. HP: 51/53 MP: 2/16
  5404 | D:5      | Entered Level 5 of the Dungeon
  5849 | D:5      | Reached skill level 1 in Fighting
  6065 | D:5      | Found Zupuafux's Antique Armour Shoppe.
  6800 | D:5      | Found an ancient bone altar of Kikubaaqudgha.
  7003 | D:5      | Reached XP level 9. HP: 58/61 MP: 12/18
  7493 | D:5      | Bought a pair of glowing gloves for 150 gold pieces
  9418 | D:7      | Noticed Prince Ribbit
  9432 | D:7      | Killed Prince Ribbit
  9671 | D:7      | Noticed Joseph
  9686 | D:7      | Killed Joseph
  9687 | D:7      | Reached skill level 5 in Conjurations
 10378 | D:8      | Gained mutation: A demonic guardian rushes to your aid.
                  | [demonic ancestry]
 10378 | D:8      | Reached XP level 10. HP: 67/67 MP: 6/20
 10708 | D:8      | Reached skill level 5 in Evocations
 11596 | D:8      | Found a blossoming altar of Fedhas.
 11971 | D:8      | Found a broken altar of Ashenzari.
 11984 | D:8      | Reached skill level 5 in Dodging
 12097 | D:8      | Learned a level 5 spell: Freezing Cloud
 12207 | D:9      | Reached skill level 1 in Axes
 12326 | D:9      | Reached skill level 1 in Air Magic
 12505 | D:9      | Found an ornate altar of the Wu Jian Council.
 12744 | D:9      | Reached XP level 11. HP: 74/74 MP: 5/22
 13648 | D:9      | Found a staircase to the Lair.
 13714 | D:9      | Learned a level 6 spell: Simulacrum
 13715 | Lair:1   | Entered Level 1 of the Lair of Beasts
 13932 | Lair:1   | Noticed Harold
 13946 | Lair:1   | Killed Harold
 13947 | Lair:1   | Reached skill level 1 in Necromancy
 14473 | Lair:1   | Succumbed to a black mamba's poison

Illustrated notes

Levels and vault maps discovered:
D:1:      elethiomel_arrival_quiet, layout_loops_ring,
          shapermc_ecumenical_altar_rom_forum, serial_co_window_serial,
          co_window_paths_a, co_window_of_opportunity_a, co_window_cross_1,
          co_window_paths_a, co_window_paths_b, co_window_of_opportunity_a,
          co_window_corner_a, co_window_paths_b, co_window_paths_b,
          co_window_broadway_a, co_window_corner_b, co_window_corner_cb,
          co_window_broadway_c, co_window_corner_b, glass_columns_c,
          glass_columns_a, glass_columns_c, glass_columns_c, glass_columns_a
D:2:      layout_basic, serial_shops, shop, minmay_tetromino_i2
D:3:      kennysheep_slugbush, layout_basic, nicolae_overflow_hidden_temple,
          st_stairs_7, chequers_garden, grunt_ministairs_1,
          minmay_joined_circles, uniq_grinder
D:4:      minmay_skewed_foursquare, layout_rooms, minmay_temple_entry_arrows,
          serial_shops, nicolae_take_the_stairs, lightli_minifort
D:5:      layout_basic, lemuel_mausoleum_altar_kikubaaqudgha,
          nicolae_ossuary_entry_catacombs, portal_sewer_entry_b, serial_shops,
          nicolae_shop_behind_doors
D:6:      wad_woods_settlement, layout_basic, serial_co_window_serial,
          co_window_of_opportunity_a, co_window_corner_a, co_window_paths_b,
          co_window_paths_a, co_window_corner_a, co_window_paths_a,
          co_window_of_opportunity_c, co_window_corner_b, co_window_paths_c,
          co_window_corner_ca, glass_columns_c, glass_columns_c,
          glass_columns_a, glass_columns_c, glass_columns_b
D:7:      layout_basic, nicolae_underground_beach, uniq_joseph,
          uniq_prince_ribbit1
D:8:      layout_cave_pools, lemuel_tele_altar, mainiacjoe_overflow_alcove_4
D:9:      layout_roguey, kennysheep_mini_moat, grunt_lair_entry_orc_guard_hut,
          serial_park_tiny_pond
Lair:1:   layout_gridlike, beast_lair_carwin_3, infiniplex_staircase_pool_2,
          uniq_harold

Skill      XL: |  1  2  3  4  5  6  7  8  9 10 11 |
---------------+----------------------------------+-----
Ice Magic      | 4 5 6 7 8 |  8.6
Spellcasting   | 4 5 6 7 8 |  8.4
Dodging        | 2 3 4 5 |  5.3
Stealth        | 2 3 |  3.3
Evocations     | 2 3 4 5 |  5.6
Conjurations   | 1 3 5 6 |  6.0
Short Blades   | 1 3 4 |  4.4
Fighting       | 1 2 3 |  3.0
Axes           | 2 3 |  3.1
Air Magic      | 1 2 |  2.1
Necromancy     | 1 |  1.4

Action                   |  1- 3 |  4- 6 |  7- 9 | 10-12 || total
-------------------------+-------+-------+-------+-------++-------
Melee: Dagger            |    18 |    24 |   468 |   161 ||   671
       Punch             |       |       |     4 |     1 ||     5
       Battleaxe         |       |       |       |    85 ||    85
 Cast: Freeze            |    52 |    76 |   183 |    68 ||   379
       Frozen Ramparts   |       |     5 |    14 |    21 ||    40
       Ozocubu's Armour  |       |     5 |     9 |    11 ||    25
       Hailstorm         |       |       |     6 |    17 ||    23
       Freezing Cloud    |       |       |       |     1 ||     1
Evoke: Wand              |       |       |       |     1 ||     1
  Use: Scroll            |       |     3 |     9 |     6 ||    18
       Potion            |       |     2 |       |     3 ||     5
 Stab: Sleeping          |     2 |       |     3 |       ||     5
Armor: Robe              |     6 |    30 |    36 |       ||    72
       Steam dragon scal |       |       |   249 |   237 ||   486
Dodge: Dodged            |    29 |    61 |   383 |   392 ||   865

Table legend: (Time is in decaauts)
 A = Elapsed time spent in this place.
 B = Non-inter-level travel time spent in this place.
 C = Inter-level travel time spent in this place.
 D = Time resting spent in this place.
 E = Time spent auto-exploring this place.
 F = Levels seen in this place.
 G = Mean time per level.
                   A        B        C        D        E       F      G
               +--------+--------+--------+--------+--------+-----+--------+
         Total |  14448 |  13726 |    722 |   1544 |   9246 |  10 | 1444.8 |
       Dungeon |  13679 |  12957 |    722 |   1149 |   8982 |   9 | 1519.9 |
          Lair |    768 |    768 |      0 |    395 |    264 |   1 |  768.0 |
               +--------+--------+--------+--------+--------+-----+--------+

Top non-repeatable levels by time:
     D:5: 2067 daAuts
     D:9: 1660 daAuts
     D:8: 1660 daAuts
     D:3: 1530 daAuts
     D:7: 1514 daAuts
     D:1: 1470 daAuts
     D:6: 1357 daAuts
     D:4: 1289 daAuts
     D:2: 1129 daAuts
  Lair:1: 768 daAuts
